 Dungeon Crawl Stone Soup version 0.21-a0-349-g0c35859 (webtiles) character file.

557 nikopol the Chopper (level 7, -5/60 HPs)
             Began as a Minotaur Berserker on Oct 7, 2017.
             Was a Believer of Trog.
             Killed from afar by an orc wizard (6 damage)
             ... with a magic dart
             ... on level 5 of the Dungeon.
             The game lasted 00:07:16 (3297 turns).

nikopol the Chopper (Minotaur Berserker)            Turns: 3297, Time: 00:07:17

Health: -5/60      AC:  8    Str: 22    XL:     7   Next: 9%
Magic:  6/6        EV: 11    Int:  4    God:    Trog [**....]
Gold:   167        SH:  0    Dex: 11    Spells: 6/6 levels left

rFire    . . .     SeeInvis .   u - +0 war axe
rCold    . . .     Gourm    .   (no shield)
rNeg     . . .     Faith    .   m - +0 scale mail
rPois    .         Spirit   .   (helmet restricted)
rElec    .         Reflect  .   (no cloak)
rCorr    .         Harm     .   g - +0 pair of gloves
MR       .....                  (no boots)
Stlth    ..........             (no amulet)
HPRegen  0.20/turn              (no ring)
MPRegen  0.10/turn              (no ring)

@: berserk cooldown, slowed, very slow
A: retaliatory headbutt, horns 2
a: Berserk, Trog's Hand, Burn Spellbooks, Renounce Religion


You were on level 5 of the Dungeon.
You worshipped Trog.
Trog was pleased with you.
You were very hungry.

You visited 1 branch of the dungeon, and saw 5 of its levels.

You collected 167 gold pieces.

Inventory:

Hand Weapons
 a - a +0 hand axe
 u - a +0 war axe (weapon)
Missiles
 A - 23 arrows (quivered)
Armour
 b - a +0 animal skin
 g - a +0 pair of gloves (worn)
 m - a +0 scale mail (worn)
 y - a +1 ring mail of cold resistance
Jewellery
 e - an uncursed ring of wizardry {unknown}
 l - a cursed -3 ring of intelligence {unknown}
 v - an uncursed amulet of magic regeneration {unknown}
Wands
 s - a wand of confusion (27/48)
Scrolls
 d - 4 scrolls of fear {unknown}
 f - 6 scrolls of identify {unknown}
 j - 2 scrolls of remove curse {unknown}
 k - a scroll of noise {unknown}
 o - 3 scrolls of enchant weapon {unknown}
 r - a scroll of amnesia {unknown}
Potions
 h - 2 potions of curing {unknown}
 i - 2 potions of lignification {unknown}
 n - a potion of berserk rage {unknown}
 q - a potion of flight {unknown}
 t - 2 potions of might {unknown}
 w - 2 potions of magic {unknown}
 x - a potion of cancellation {unknown}
 z - a potion of haste
 B - a potion of brilliance {unknown}
 D - a potion of heal wounds {unknown}
Comestibles
 c - 2 bread rations
 p - 2 meat rations
 C - 4 chunks of flesh


   Skills:
 + Level 4.9 Fighting
 + Level 7.1 Axes
 + Level 5.2 Armour
 + Level 3.2 Dodging
 + Level 1.2 Stealth


You had 6 spell levels left.
You didn't know any spells.

Dungeon Overview and Level Annotations

Branches:
Dungeon (5/15)
 Temple: D:4-7

Altars:
Nemelex Xobeh
Okawaru
Ru
Xom
The Shining One


Innate Abilities, Weirdness & Mutations

You reflexively headbutt those who attack you in melee.
You have a pair of horns on your head.


Message History

The orc wizard seems to speed up.
Items here: )) [[ † a mace; a leather armour; a war axe; a chain mail; an orc corpse You closely miss the orc wizard.
The orc wizard hits you but does no damage.
The orc wizard completely misses you. The orc wizard casts a spell at you.
The magic dart hits you!
* * * LOW HITPOINT WARNING * * *
You closely miss the orc wizard.
The orc wizard hits you but does no damage.
The orc wizard gestures at you while chanting.
The magic dart hits you!
You closely miss the orc wizard. Your headbutt misses the orc wizard.
* * * LOW HITPOINT WARNING * * *
You feel sick.
You are no longer poisoned.
The orc wizard points at you and mumbles some strange words.
The magic dart hits you!
You die...

#.# #.#.# #.# #.#
#.#.# #.# #.#
#.#.#####.########
#.#
#......>.......
#.#
#.######.######
#.# #.# #.## #.#
...## #####.####.[
....##
#.)@o........
.....#####
#.###.####...
.......... #.# #.#
.÷...#### ... ..#
.<..## ...# ###
...## ##### #.##
###


You could see an orc wizard.

Vanquished Creatures
  An orc warrior (D:5)
  A phantom (D:5)
  A scorpion (D:5)
  A howler monkey (D:4)
  A hound (D:4)
  An orc priest (D:5)
  2 iguanas (D:4)
  A worker ant (D:4)
  Natasha (thrice) (D:4)
  2 adders (D:3)
  An ooze (D:3)
  A worm (D:2)
  2 dart slugs
  5 orcs
  2 giant cockroaches
  6 goblins
  5 hobgoblins
  4 jackals (D:5)
  5 kobolds
  A quokka (D:3)
  3 bats
  5 frilled lizards
  6 rats
60 creatures vanquished.

Notes
Turn   | Place    | Note
-------+----------+-------------------------------------------
     0 | D:1      | nikopol the Minotaur Berserker began the quest for the Orb.
     0 | D:1      | Reached XP level 1. HP: 19/19 MP: 0/0
    88 | D:1      | Reached XP level 2. HP: 11/27 MP: 1/1
    90 | D:1      | Reached skill level 4 in Axes
  1027 | D:2      | Found a faded altar of an unknown god.
  1038 | D:2      | Reached XP level 3. HP: 30/33 MP: 2/2
  1255 | D:2      | Found an iron altar of Okawaru.
  1258 | D:2      | Found a glowing golden altar of the Shining One.
  1264 | D:2      | Found a shimmering altar of Xom.
  1344 | D:2      | Found a sacrificial altar of Ru.
  1377 | D:2      | Reached ** piety under Trog
  1438 | D:2      | Found a sparkling altar of Nemelex Xobeh.
  1952 | D:3      | Reached XP level 4. HP: 33/40 MP: 3/3
  2241 | D:4      | Reached skill level 5 in Axes
  2259 | D:4      | Noticed Natasha
  2266 | D:4      | Killed Natasha
  2301 | D:4      | Reached XP level 5. HP: 18/47 MP: 4/4
  2597 | D:4      | Noticed Natasha
  2602 | D:4      | Killed Natasha
  2745 | D:4      | Reached skill level 6 in Axes
  2745 | D:4      | Reached skill level 1 in Stealth
  2870 | D:4      | Reached XP level 6. HP: 53/53 MP: 5/5
  3030 | D:4      | Noticed Natasha
  3037 | D:4      | Killed Natasha
  3196 | D:5      | Entered Level 5 of the Dungeon
  3278 | D:5      | Noticed an orc warrior
  3287 | D:5      | Killed an orc warrior
  3287 | D:5      | Reached skill level 7 in Axes
  3287 | D:5      | Reached skill level 5 in Armour
  3287 | D:5      | Reached XP level 7. HP: 10/60 MP: 6/6
  3295 | D:5      | HP: 1/60 [orc wizard/magic dart (6)]
  3297 | D:5      | Killed from afar by an orc wizard

Vault maps used:
D:1:      saegor_arrival_simple_e
D:2:      old_standard_altar, nemelex_xobeh_ov_fountains_minmay,
          grunt_temple_overflow_diamond, chequers_ecumenical_altar_simple_redux
D:4:      uniq_natasha
D:5:      marbit_many_paths, first_bread

Skill      XL: |  1  2  3  4  5  6 |
---------------+-------------------+-----
Axes           | 4 5 6 7 |  7.1
Fighting       | 4 |  4.9
Armour         | 3 4 5 |  5.2
Dodging        | 3 |  3.2
Stealth        | 1 |  1.2

Action                   |  1- 3 |  4- 6 |  7- 9 || total
-------------------------+-------+-------+-------++-------
Melee: Hand axe          |    87 |       |       ||    87
       Headbutt          |    10 |     9 |       ||    19
       War axe           |    10 |    58 |     5 ||    73
Invok: Berserk           |       |     2 |       ||     2
  Eat: Chunk             |     3 |     5 |       ||     8
Armor: Animal skin       |     5 |       |       ||     5
       Scale mail        |    26 |    23 |     3 ||    52
Dodge: Dodged            |    54 |    33 |     2 ||    89

Table legend:
 A = Spawn XP
 B = Non-spawn XP
 C = Spawn XP percentage of total XP
 D = Spawn monster count
 E = Non-spawn monster count
 F = Spawn count percentage of total count
 G = Total turns spent on level
                    A         B        C        D         E        F      G
               +---------+---------+-------+---------+---------+-------+---------
         Total |       0 |     796 |   0.0 |       0 |      60 |   0.0 |  3297
               +---------+---------+-------+---------+---------+-------+---------
           D:1 |       0 |      33 |   0.0 |       0 |      21 |   0.0 |   974
           D:2 |       0 |      25 |   0.0 |       0 |      11 |   0.0 |   627
           D:3 |       0 |      43 |   0.0 |       0 |       7 |   0.0 |   630
           D:4 |       0 |     314 |   0.0 |       0 |      10 |   0.0 |   965
           D:5 |       0 |     381 |   0.0 |       0 |      11 |   0.0 |   101
               +---------+---------+-------+---------+---------+-------+---------
